 Dungeon Crawl Stone Soup version 0.26.1-2-gb8aa6d0cf2 (webtiles) character file.

Game seed: 9872558872083304397

26345 nonceun the Severer (level 12, -6/106 HPs)
             Began as a Minotaur Berserker on Mar 29, 2021.
             Was a High Priest of Trog.
             Shot with an arrow by Nessos (9 damage)
             ... on level 4 of the Lair of Beasts.
             The game lasted 01:05:47 (14929 turns).

nonceun the Severer (Minotaur Berserker)           Turns: 14929, Time: 01:05:49

Health: -6/106     AC: 18    Str: 29 (32) XL:     12   Next: 97%
Magic:  11/11      EV:  9    Int:  3 (4)  God:    Trog [*****.]
Gold:   560        SH:  5    Dex: 10 (11) Spells: 11/11 levels left

rFire    + . .     SeeInvis +   a - +1 battleaxe (flame)
rCold    . . .     Faith    .   (shield currently unavailable)
rNeg     . . .     Spirit   .   I - +3 chain mail {rF+}
rPois    .         Reflect  +   B - +2 hat
rElec    .         Harm     .   i - +0 cloak
rCorr    .         Rampage  .   (no gloves)
Will     .....                  y - +2 pair of boots
Stlth    ..........             D - amulet of reflection
HPRegen  0.27/turn              R - +6 ring of strength
MPRegen  0.12/turn              r - ring of see invisible

@: lethally poisoned (-6 -> -75)
A: retaliatory headbutt, horns 2
a: Renounce Religion, Berserk, Trog's Hand, Brothers in Arms


You were on level 4 of the Lair of Beasts.
You worshipped Trog.
Trog was extremely pleased with you.
You visited 2 branches of the dungeon, and saw 13 of its levels.
You also visited: Volcano.

You collected 939 gold pieces.
You spent 379 gold pieces at shops.

Inventory:

Hand Weapons
 a - a +1 battleaxe of flaming (weapon)
 b - a +2 shortbow of flaming
 E - a +1 vorpal battleaxe
Missiles
 f - 378 stones
 p - a throwing net
 u - 39 poisoned darts (quivered)
 z - 286 arrows
Armour
 i - a +0 cloak (worn)
 y - a +2 pair of boots (worn)
 B - a +2 hat (worn)
 I - a +3 chain mail of fire resistance (worn)
 M - +0 acid dragon scales
Jewellery
 c - an uncursed ring of teleportation
 r - a ring of see invisible (right hand)
 A - an uncursed ring of willpower
 D - an amulet of reflection (around neck)
 F - an uncursed ring of protection from fire
 G - an uncursed ring of fire
 Q - an uncursed ring of ice
 R - a +6 ring of strength (left hand)
 Z - an uncursed ring of ice
Wands
 k - a wand of random effects (11)
 t - a wand of disintegration (25)
 w - a wand of iceblast (26)
 N - a wand of flame (15)
 Y - a wand of paralysis (16)
Scrolls
 d - 4 scrolls of identify
 e - 5 scrolls of amnesia {unknown}
 g - 2 scrolls of remove curse
 h - 8 scrolls of teleportation {unknown}
 m - 5 scrolls of enchant armour {unknown}
 o - 2 scrolls of enchant weapon {unknown}
 C - a scroll of noise {unknown}
 H - 4 scrolls of fog {unknown}
 L - 2 scrolls of vulnerability {unknown}
Potions
 j - 2 potions of lignification
 l - 3 potions of resistance {unknown}
 n - 2 potions of haste {unknown}
 q - 4 potions of degeneration
 s - 3 potions of attraction {unknown}
 v - 3 potions of heal wounds
 x - a potion of cancellation


   Skills:
 - Level 10.0 Fighting
 - Level 20.0 Axes
 * Level 10.7 Bows
 - Level 2.4 Armour
 - Level 2.1 Dodging


You had 11 spell levels left.
You didn't know any spells.
Your spell library was empty.

Dungeon Overview and Level Annotations

Branches:
Dungeon (9/15)             Temple (0/1) D:7            Lair (4/6) D:9
 Shoals (0/4) Lair:4       Spider (0/4) Lair:4      Volcano (visited)
    Orc: D:9-12

Altars:
Cheibriados
Fedhas
Gozag
Nemelex Xobeh
Qazlal
Sif Muna
Trog
Xom
Zin

Shops:
D:4 [   D:7 *!

Annotations:
Lair:4 !nessos, Nessos


Innate Abilities, Weirdness & Mutations

You reflexively headbutt those who attack you in melee.
You have a pair of horns on your head.


Message History

The arrow burns you.
You are lethally poisoned!
* * * LOW HITPOINT WARNING * * *
You see here 2 arrows.
* * * LOW HITPOINT WARNING * * *
You feel very sick.
Nessos intently looks at you, slowly moving their tail.
Nessos shoots an arrow.
The arrow hits you!
* * * LOW HITPOINT WARNING * * *
The arrow burns you.
You are more poisoned.
* * * LOW HITPOINT WARNING * * *
You see here an arrow.
* * * LOW HITPOINT WARNING * * *
You feel very sick.
Nessos shoots an arrow.
The arrow hits you.
* * * LOW HITPOINT WARNING * * *
You are more poisoned.
Nessos shoots an arrow.
The arrow hits you!
You die...

#.......[...#####..# #...# #
............##.#...## ####...# ##
.....#..#......##...###.#....###.
#...###.#....................P.##
##...#####.......................
##...# #...............^.......
#...##P###...P..(..##.##...#####.
.............##(.(..####P..# ##
........#....###@...PP#P...# ##
##.P...###(..((..).........#####.
####...P###.(...c................
# ...## #.............##.#..###
### ...##.P.....#..#.#..####### #
... ......(..######.##..# ...
.........# ####..# ... ...#..#..#
...# ... .. .###... ....#


You could see Nessos (fast, very poisoned).

Vanquished Creatures
  5 hydras
  A catoblepas (Lair:2)
  3 two-headed ogres
  An oklob plant (Lair:3)
  3 merfolk sirens (Lair:4)
  7 elephants
  3 black mambas
  Maggie (D:8)
  6 cane toads
  5 komodo dragons
  3 rime drakes
  A merfolk (Lair:4)
  A troll (D:9)
  A blink frog (Lair:3)
  A dream sheep (Lair:4)
  A redback (Lair:4)
  23 yaks
  2 fire bats (Volcano)
  A basilisk (Lair:1)
  6 wyverns
  Menkaure (D:7)
  8 water moccasins
  A hell hound (Volcano)
  2 ice beasts
  A phantom (D:5)
  2 orc warriors
  21 wolves
  5 ogres
  6 centaurs
  9 bullfrogs
  A wyvern zombie (D:9)
  A scorpion (D:6)
  2 howler monkeys
  A bullfrog zombie (D:6)
  8 hounds
  A jelly (D:7)
  An orc wizard (D:9)
  A quasit (D:7)
  A gnoll shaman (D:5)
  6 orc priests
  Jessica (D:2)
  Natasha (thrice) (D:2)
  3 iguanas
  7 worker ants
  A killer bee zombie (D:8)
  A hound zombie (D:7)
  A howler monkey zombie (D:7)
  A worker ant zombie (D:8)
  Robin (D:2)
  8 gnolls
  17 adders
  2 shadow imps
  2 white imps (D:5)
  3 ufetubi
  An ooze (D:1)
  An adder zombie (D:5)
  An adder skeleton (D:5)
  2 leopard geckos
  25 orcs
  4 giant cockroaches
  17 goblins
  17 hobgoblins
  8 jackals
  5 quokkas
  A ball python (D:1)
  6 bats
  6 frilled lizards
  10 kobolds
  A quokka skeleton (D:7)
  4 rats (D:3)
314 creatures vanquished.

Vanquished Creatures (others)
  13 fungi
  66 plants
79 creatures vanquished.

Grand Total: 393 creatures vanquished

Notes
Turn   | Place    | Note
-------+----------+-------------------------------------------
     0 | D:1      | nonceun the Minotaur Berserker began the quest for the Orb.
     0 | D:1      | Reached XP level 1. HP: 19/19 MP: 0/0
   126 | D:1      | Reached skill level 4 in Axes
   192 | D:1      | Reached XP level 2. HP: 15/26 MP: 1/1
   549 | D:1      | Reached skill level 5 in Axes
   607 | D:1      | Reached XP level 3. HP: 31/31 MP: 2/2
   797 | D:2      | Noticed Jessica
   803 | D:2      | Killed Jessica
   868 | D:2      | Noticed Natasha
   872 | D:2      | Reached ** piety under Trog
   898 | D:2      | Reached XP level 4. HP: 36/39 MP: 3/3
   899 | D:2      | Reached skill level 6 in Axes
  1125 | D:2      | Found an opulent altar of Gozag.
  1341 | D:2      | Found a stormy altar of Qazlal.
  1352 | D:2      | Killed Natasha
  1376 | D:2      | Noticed Natasha
  1486 | D:2      | Killed Natasha
  1495 | D:2      | Noticed Natasha
  1504 | D:2      | Killed Natasha
  1505 | D:2      | Reached skill level 7 in Axes
  1505 | D:2      | Reached XP level 5. HP: 44/45 MP: 4/4
  1587 | D:2      | Noticed Robin
  1602 | D:2      | Killed Robin
  1801 | D:3      | Reached *** piety under Trog
  1872 | D:3      | Reached skill level 8 in Axes
  2195 | D:3      | Reached XP level 6. HP: 50/51 MP: 5/5
  2352 | D:3      | Found a shimmering blue altar of Sif Muna.
  2357 | D:3      | Found a snail-covered altar of Cheibriados.
  3264 | D:4      | Reached skill level 9 in Axes
  3283 | D:4      | Reached **** piety under Trog
  3420 | D:4      | Reached XP level 7. HP: 57/57 MP: 6/6
  3704 | D:4      | Found Niofoo's Armour Boutique.
  3708 | D:4      | Bought a +2 pair of boots for 214 gold pieces
  3725 | D:5      | Entered Level 5 of the Dungeon
  3882 | D:5      | Reached skill level 10 in Axes
  4250 | D:5      | Reached skill level 11 in Axes
  4277 | D:5      | Reached XP level 8. HP: 66/66 MP: 7/7
  4347 | D:5      | You fall into a shaft and drop 1 floor!
  4347 | D:6      | Noticed a two-headed ogre
  4366 | D:6      | Killed a two-headed ogre
  4367 | D:6      | Reached skill level 5 in Fighting
  4367 | D:6      | Reached skill level 12 in Axes
  4487 | D:6      | Found a shimmering altar of Xom.
  4500 | D:6      | Reached skill level 13 in Axes
  5071 | D:6      | Found a sparkling altar of Nemelex Xobeh.
  5262 | D:7      | Found a bloodstained altar of Trog.
  5262 | D:7      | Noticed Menkaure
  5267 | D:7      | Killed Menkaure
  5268 | D:7      | Reached XP level 9. HP: 74/74 MP: 8/8
  5364 | D:7      | Found a staircase to the Ecumenical Temple.
  5685 | D:7      | Found a shimmering altar of Xom.
  5686 | D:7      | Found a shimmering altar of Xom.
  5686 | D:7      | Found a shimmering altar of Xom.
  5687 | D:7      | Found a shimmering altar of Xom.
  5687 | D:7      | Found a shimmering altar of Xom.
  5689 | D:7      | Found a shimmering altar of Xom.
  5694 | D:7      | Found a shimmering altar of Xom.
  5717 | D:7      | Found Zin's Purification Station.
  5722 | D:7      | Found a glowing silver altar of Zin.
  5795 | D:7      | Reached skill level 14 in Axes
  5966 | D:7      | Reached ***** piety under Trog
  5996 | D:7      | Noticed a merfolk
  6111 | D:7      | Found Tiurph's Distillery.
  6123 | D:7      | Bought a potion of lignification for 33 gold pieces
  6123 | D:7      | Bought a potion of ambrosia for 88 gold pieces
  6123 | D:7      | Bought a potion of brilliance for 44 gold pieces
  6937 | D:8      | Noticed Maggie
  6950 | D:8      | Killed Maggie
  6951 | D:8      | Reached skill level 15 in Axes
  7532 | D:9      | Noticed a troll
  7624 | D:9      | Killed a troll
  7738 | D:9      | Reached XP level 10. HP: 83/83 MP: 9/9
  7980 | D:9      | Found a blossoming altar of Fedhas.
  8289 | D:9      | Reached skill level 16 in Axes
  8364 | D:9      | Found a staircase to the Lair.
  8575 | Lair:1   | Entered Level 1 of the Lair of Beasts
  8607 | Lair:1   | Found a dark tunnel.
  8640 | Volcano  | Entered a volcano
  8680 | Volcano  | Noticed a two-headed ogre
  8680 | Volcano  | Noticed a two-headed ogre
  8687 | Volcano  | Killed a two-headed ogre
  8691 | Volcano  | Killed a two-headed ogre
  8692 | Volcano  | Reached skill level 17 in Axes
  9567 | Lair:1   | Noticed a cane toad
  9573 | Lair:1   | Killed a cane toad
  9574 | Lair:1   | Reached XP level 11. HP: 96/99 MP: 10/10
  9626 | Lair:1   | Reached skill level 10 in Fighting
  9626 | Lair:1   | Reached skill level 1 in Bows
 10197 | Lair:1   | Received a gift from Trog
 10548 | Lair:2   | Reached skill level 18 in Axes
 10876 | Lair:2   | Reached skill level 5 in Bows
 10968 | Lair:2   | Noticed a five-headed hydra
 10980 | Lair:2   | Killed a three-headed hydra
 11213 | Lair:2   | Noticed a five-headed hydra
 11215 | Lair:2   | Noticed a catoblepas
 11221 | Lair:2   | Killed a two-headed hydra
 11240 | Lair:2   | Killed a catoblepas
 11753 | Lair:2   | Reached XP level 12. HP: 106/106 MP: 11/11
 12375 | Lair:3   | Noticed an eight-headed hydra
 12383 | Lair:3   | Killed a four-headed hydra
 12384 | Lair:3   | Reached skill level 19 in Axes
 13688 | Lair:4   | Noticed a four-headed hydra
 13689 | Lair:4   | Noticed a six-headed hydra
 13700 | Lair:4   | Killed a one-headed hydra
 13897 | Lair:4   | Found a shimmering blue altar of Sif Muna.
 13906 | Lair:4   | Killed a three-headed hydra
 14031 | Lair:4   | Reached skill level 10 in Bows
 14031 | Lair:4   | Found a staircase to the Shoals.
 14760 | Lair:4   | Found a hole to the Spider Nest.
 14880 | Lair:4   | Reached skill level 20 in Axes
 14916 | Lair:4   | Noticed Nessos
 14929 | Lair:4   | HP: 3/106 [Nessos/arrow (4)]
 14929 | Lair:4   | Shot with an arrow by Nessos

Illustrated notes

Levels and vault maps discovered:
D:1:      saegor_arrival_under_anarchy, layout_rooms
D:2:      layout_loops_cross, nicolae_qazlal_eye_of_the_storm,
          nicolae_gozag_cash_rules_everything_around_me, uniq_robin,
          uniq_natasha, uniq_jessica
D:3:      layout_loops_cross, grunt_temple_overflow_open
D:4:      layout_basic, serial_shops, kennysheep_mini_moat, grunt_ministairs_3
D:5:      layout_basic
D:6:      layout_rooms, nemelex_xobeh_ov_fountains_minmay, basic_altar
D:7:      layout_basic, lemuel_round_altar, xom_shifter_show, zin_purify,
          minmay_temple_entry_offerings, serial_shops, nicolae_shop_trees,
          kennysheep_generic_room_9, uniq_menkaure
D:8:      layout_gridville, ebering_dispersal_statue_hall, uniq_maggie
D:9:      layout_basic, old_standard_altar, david_lair_shrubbed,
          minmay_mirror_moons_of_madness
Lair:1:   layout_gridlike, enter_volcano_4, serial_bayou_pond_a
Lair:2:   layout_regular_city, infiniplex_staircase_pool, grunt_megastairs_4
Lair:3:   beast_lair_carwin_large_1, layout_loops_ring, lemuel_fruit_fields,
          minmay_lair_oklob_chamber, infiniplex_staircase_pool_2
Lair:4:   layout_small_grid, elwin_shoals_entry_stream,
          spider_nest_entry_rubble, basic_altar, st_stairs_12, uniq_nessos,
          uniq_kirke

Skill      XL: |  1  2  3  4  5  6  7  8  9 10 11 12 |
---------------+-------------------------------------+-----
Axes           | 4 5 7 8 9 11 13 15 17 18 20 | 20.0
Fighting       | 4 5 9 10 | 10.0
Bows           | 6 10 | 10.7
Armour         | |  2.4
Dodging        | |  2.1

Action                   |  1- 3 |  4- 6 |  7- 9 | 10-12 || total
-------------------------+-------+-------+-------+-------++-------
Melee: Hand axe          |    41 |   194 |   249 |       ||   484
       Headbutt          |     8 |    33 |    69 |    90 ||   200
       Unarmed           |       |    13 |       |       ||    13
       War axe           |       |       |    28 |   108 ||   136
       Battleaxe         |       |       |       |   305 ||   305
       Executioner's axe |       |       |       |     2 ||     2
 Fire: Shortbow          |       |       |       |    87 ||    87
Throw: Stone             |       |    30 |    28 |    16 ||    74
       Dart              |       |     2 |       |       ||     2
Invok: Berserk           |     1 |     1 |     8 |     1 ||    11
  Use: Scroll            |     2 |       |     1 |     9 ||    12
       Potion            |       |       |       |     2 ||     2
 Stab: Petrified         |       |       |       |     3 ||     3
Armor: Leather armour    |     6 |       |       |       ||     6
       Animal skin       |     1 |       |       |       ||     1
       Ring mail         |     3 |       |    44 |       ||    47
       Scale mail        |       |    36 |       |     2 ||    38
       Skin              |       |     1 |       |       ||     1
       Chain mail        |       |    30 |     2 |   139 ||   171
       Acid dragon scale |       |       |    13 |    16 ||    29
Dodge: Dodged            |    26 |    75 |    93 |   104 ||   298
Block: Other             |       |       |    31 |    75 ||   106
       Reflection        |       |       |     4 |     4 ||     8
